[Event "Titled Tuesday Blitz July 26 Early 2022"]
[White "Mikhailovsky, Vladimir"]
[Black "Shohat, Yotam"]
[WhiteFideId "34105414"]
[BlackFideId "2813955"]
[WhiteElo "2303"]
[BlackElo "2119"]
[Result "0-1"]
[Round "07"]
[TimeControl "180+1"]
[Date "2022.07.27"]
[WhiteClock "0:01:06"]
[BlackClock "0:00:20"]

1. d4 Nf6 2. c4 g6 3. Nc3 Bg7 4. e4 O-O 5. Nf3 d6 6. Be2 Na6 7. O-O e5 8. Be3 Re8 9. d5 Ng4 10. Bg5 f6 11. Bd2 f5 12. Ng5 Nf6 13. exf5 gxf5 14. f4 e4 15. Be3 h6 16. Nh3 c5 17. dxc6 bxc6 18. Rc1 Be6 19. Qa4 Nc5 20. Qa3 Nd3 21. Rcd1 Bxc4 22. Nf2 d5 23. Bxd3 exd3 24. Bd4 Ne4 25. Bxg7 Kxg7 26. Nxd3 Bxd3 27. Rxd3 Qb6+ 28. Kh1 Nf2+ 29. Rxf2 Re1+ 0-1


[Site "https://www.chess.com"]

[Event "Titled Tuesday Blitz July 26 Early 2022"]
[White "Mikhalsky, Vladimir"]
[Black "Plazuelo Pascual, Juan"]
[WhiteFideId "14144352"]
[BlackFideId "32059566"]
[WhiteElo "2301"]
[BlackElo "2416"]
[Result "0-1"]
[Round "07"]
[TimeControl "180+1"]
[Date "2022.07.27"]
[WhiteClock "0:00:31"]
[BlackClock "0:00:09"]

1. d4 Nf6 2. c4 e6 3. g3 d5 4. Bg2 dxc4 5. Nf3 Be7 6. Qa4+ Nbd7 7. Qxc4 a6 8. a4 b5 9. Qc2 Bb7 10. O-O O-O 11. axb5 axb5 12. Rxa8 Bxa8 13. Nc3 b4 14. Na4 Be4 15. Qb3 Bd5 16. Qd3 c5 17. dxc5 Nxc5 18. Nxc5 Bxc5 19. Be3 Qb6 20. Bxc5 Qxc5 21. Qd2 Rc8 22. Qd4 Bxf3 23. Qxc5 Rxc5 24. Bxf3 Rc2 25. b3 g5 26. Rd1 g4 27. Bb7 Rb2 28. Rd3 h5 29. e4 Nh7 30. f4 gxf3 31. Rxf3 Ng5 32. Re3 Nh3+ 33. Kh1 Nf2+ 34. Kg1 Ng4 35. Rd3 Nxh2 36. e5 Ng4 37. Rd4 Rxb3 38. Kg2 Nxe5 39. Rh4 Rb2+ 40. Kh3 b3 41. Rxh5 Nd3 42. Rb5 Nc1 43. Be4 Re2 44. Bf3 Re3 45. Kg4 Rc3 46. Rb8+ Kg7 47. Rb7 Nd3 48. Be2 Nc5 49. Rb5 Kf6 50. Kh4 Ke5 51. g4 Kd4 52. Bf1 Rc1 53. Rb4+ Kc3 54. Rc4+ Kd2 55. Rd4+ Ke3 56. Rc4 Rxc4 57. Bxc4 b2 58. Ba2 Kf4 59. Kh5 Ne4 60. g5 Nxg5 61. Bb1 Ne4 62. Kh6 Nc3 63. Kg7 Nxb1 64. Kxf7 Nc3 0-1


[Site "https://www.chess.com"]

[Event "Titled Tuesday Blitz July 26 Early 2022"]
[White "Munkhgal, Gombosuren"]
[Black "Smietanska, Wiktoria"]
[WhiteFideId "4901266"]
[BlackFideId "21869359"]
[WhiteElo "2576"]
[BlackElo "1883"]
[Result "1-0"]
[Round "07"]
[TimeControl "180+1"]
[Date "2022.07.27"]
[WhiteClock "0:01:51"]
[BlackClock "0:00:20"]

1. d4 Nf6 2. Bf4 d5 3. e3 c5 4. dxc5 Nc6 5. Bb5 e6 6. b4 a6 7. Bxc6+ bxc6 8. c3 a5 9. Ne2 Nh5 10. Be5 f6 11. Nd4 g6 12. Bg3 Nxg3 13. hxg3 Qc7 14. O-O e5 15. Nf3 Bg4 16. Qa4 Be7 17. b5 cxb5 18. Qxg4 f5 19. Qh3 e4 20. Nd4 h5 21. Nxb5 Qxc5 22. Nd4 Bf6 23. a4 Kf7 24. Na3 h4 25. g4 fxg4 26. Qxg4 h3 27. g3 Rh5 28. Kh2 Qd6 29. Nab5 Qe7 30. Nc6 Qd6 31. Nxd6+ 1-0


[Site "https://www.chess.com"]

[Event "Titled Tuesday Blitz July 26 Early 2022"]
[White "Nazari, Arad"]
[Black "Ozer, Omer Faruk"]
[WhiteFideId "12577324"]
[BlackFideId "6354564"]
[WhiteElo "2129"]
[BlackElo "2050"]
[Result "0-1"]
[Round "07"]
[TimeControl "180+1"]
[Date "2022.07.26"]
[WhiteClock "0:00:14"]
[BlackClock "0:01:57"]

1. e4 c5 2. Nf3 Nc6 3. Bb5 e6 4. Bxc6 bxc6 5. O-O Ne7 6. c3 d5 7. Re1 Ng6 8. d4 cxd4 9. Nxd4 Bd7 10. f4 c5 11. Nb3 dxe4 12. Be3 Qc7 13. N1d2 f5 14. Nc4 Be7 15. Qd2 O-O 16. Rad1 Rad8 17. Qf2 Rc8 18. Rd2 Bb5 19. Na3 Bd3 20. c4 e5 21. fxe5 f4 22. Bxc5 Bxc5 23. Nxc5 Qxc5 24. Qxc5 Rxc5 25. b3 Nxe5 26. Nb5 f3 27. Nd6 Ng4 28. gxf3 exf3 29. Rxd3 f2+ 30. Kf1 Nxh2+ 31. Ke2 Re5+ 0-1


[Site "https://www.chess.com"]

[Event "Titled Tuesday Blitz July 26 Early 2022"]
[White "Ohanyan, Emin"]
[Black "Suleymanli, Aydin"]
[WhiteFideId "13312022"]
[BlackFideId "13413937"]
[WhiteElo "1927"]
[BlackElo "2481"]
[Result "0-1"]
[Round "07"]
[TimeControl "180+1"]
[Date "2022.07.26"]
[WhiteClock "0:00:03"]
[BlackClock "0:00:04"]

1. e4 e5 2. Nc3 Nc6 3. Bc4 Nf6 4. d3 Na5 5. Bb3 Nxb3 6. axb3 d6 7. f4 g6 8. Nf3 Bg7 9. O-O O-O 10. Qe1 exf4 11. Bxf4 h6 12. Qd2 Kh7 13. h3 Be6 14. Rf2 d5 15. e5 Nd7 16. d4 c6 17. Raf1 Qe7 18. Nd1 f6 19. exf6 Nxf6 20. Ng5+ hxg5 21. Bxg5 Bf5 22. g4 Qd6 23. Bxf6 Rxf6 24. gxf5 gxf5 25. Rxf5 Rxf5 26. Rxf5 Qg6+ 27. Qg5 Bxd4+ 28. Kf1 Qxg5 29. Rxg5 a5 30. Rg4 Bf6 31. Ke2 b5 32. c3 Re8+ 33. Kd2 Re5 34. Rg2 Rh5 35. Rg3 Be5 36. Rf3 Rg5 37. Ne3 Kg6 38. Ng4 Bg7 39. Kd3 b4 40. Nf2 Rg2 41. h4 Bf6 42. h5+ Kg7 43. h6+ Kg6 44. h7 Bh8 45. Rf8 Kxh7 46. Nh3 Rxb2 47. cxb4 Rxb3+ 48. Kc2 Rxh3 49. b5 cxb5 50. Kd1 b4 0-1


[Site "https://www.chess.com"]

[Event "Titled Tuesday Blitz July 26 Early 2022"]
[White "Orlov, Georgi"]
[Black "Katzir, Moshe"]
[WhiteFideId "2011271"]
[BlackFideId "2802260"]
[WhiteElo "2601"]
[BlackElo "2097"]
[Result "1/2-1/2"]
[Round "07"]
[TimeControl "180+1"]
[Date "2022.07.27"]
[WhiteClock "0:00:15"]
[BlackClock "0:00:15"]

1. d4 d5 2. Nf3 e6 3. c4 c6 4. Qc2 Nf6 5. g3 Nbd7 6. Bg2 Bd6 7. O-O O-O 8. Nbd2 b6 9. e4 dxe4 10. Ng5 Bb7 11. Ndxe4 Be7 12. Bf4 Nxe4 13. Nxe4 Nf6 14. Rad1 Nxe4 15. Bxe4 g6 16. h4 Bf6 17. Be5 Qe7 18. Qe2 Rac8 19. b3 Rfd8 20. f4 Bg7 21. Bxg7 Kxg7 22. Rd2 Rd7 23. Rfd1 Rcd8 24. Qg2 c5 25. Bxb7 Rxb7 26. dxc5 Rxd2 27. Qxd2 Qxc5+ 28. Kh2 Rb8 29. Qd4+ Qxd4 30. Rxd4 Rb7 31. Kg2 Kf8 32. Kf3 h5 33. Rd8+ Ke7 34. Ra8 Rd7 35. Ke3 f6 36. a3 Kd6 37. b4 Ke7 38. Rg8 Kf7 39. Rh8 Kg7 40. Rc8 Kf7 41. c5 bxc5 42. Rxc5 Ke7 43. Ra5 Rc7 44. Kd4 Rd7+ 45. Kc4 Rc7+ 46. Rc5 Rd7 47. a4 Rb7 48. Rc6 Kd7 49. Ra6 Rc7+ 50. Kd4 Rb7 51. b5 Ke7 52. Rc6 Kd7 53. Kc5 Ke7 54. a5 Kd7 55. b6 axb6+ 56. axb6 Ke7 57. Rc8 Kd7 58. Rg8 e5 59. fxe5 fxe5 60. Rxg6 Rb8 61. Rg7+ Ke6 62. b7 e4 63. Kc6 e3 64. Rg6+ Kf5 65. Rg5+ Ke4 66. Rg7 e2 67. Re7+ Kf3 68. Kc7 Rxb7+ 69. Kxb7 Kf2 70. Kc6 e1=Q 71. Rxe1 Kxe1 72. Kd5 Kf2 73. Ke4 Kxg3 74. Ke3 Kxh4 75. Kf2 Kh3 76. Kg1 Kg3 77. Kh1 h4 78. Kg1 h3 79. Kh1 h2 1/2-1/2


[Site "https://www.chess.com"]

[Event "Titled Tuesday Blitz July 26 Early 2022"]
[White "Pakleza, Zbigniew"]
[Black "Sarana, Alexey"]
[WhiteFideId "1119290"]
[BlackFideId "24133795"]
[WhiteElo "2467"]
[BlackElo "2666"]
[Result "0-1"]
[Round "07"]
[TimeControl "180+1"]
[Date "2022.07.26"]
[WhiteClock "0:00:02"]
[BlackClock "0:00:07"]

1. d4 Nf6 2. Nf3 d5 3. Bf4 c5 4. c3 Qb6 5. Qb3 c4 6. Qc2 Nc6 7. Nbd2 Bg4 8. b3 cxb3 9. Qxb3 e6 10. e3 Be7 11. Bd3 O-O 12. h3 Bh5 13. O-O Rfc8 14. Rfb1 Qxb3 15. axb3 a6 16. b4 Na7 17. Rb3 Bg6 18. Ne5 Bxd3 19. Nxd3 Nb5 20. Nc5 b6 21. Rxa6 Rxa6 22. Nxa6 Nxc3 23. Bc7 Nb5 24. Bxb6 Rc1+ 25. Nf1 Ne4 26. Rb2 Na3 27. f3 Nc4 28. fxe4 Nxb2 29. exd5 exd5 30. Bc5 Bh4 31. b5 Nc4 32. g3 Bxg3 33. Kg2 Bh4 34. Nc7 Rc2+ 35. Kg1 Rb2 36. Nxd5 Rxb5 37. Nc3 Rb2 38. e4 Bf2+ 39. Kh1 Rc2 40. Nd5 h5 41. Ne7+ Kh7 42. Nf5 g6 43. Ne7 Bh4 44. Nd5 Rf2 45. Kg1 Rc2 46. Nf4 Bg5 47. Nd3 Ne3 48. Nxe3 Bxe3+ 49. Kf1 Rd2 50. Ne5 Bxd4 51. Nf3 Rf2+ 52. Kg1 Bxc5 0-1


[Site "https://www.chess.com"]

[Event "Titled Tuesday Blitz July 26 Early 2022"]
[White "Papasimakopoulos, Alexandros"]
[Black "Vakhlamov, Igor L."]
[WhiteFideId "4244125"]
[BlackFideId "24126748"]
[WhiteElo "2340"]
[BlackElo "2401"]
[Result "0-1"]
[Round "07"]
[TimeControl "180+1"]
[Date "2022.07.26"]
[WhiteClock "0:00:14"]
[BlackClock "0:01:15"]

1. d4 d5 2. c4 e6 3. Nc3 c5 4. cxd5 cxd4 5. Qa4+ Bd7 6. Qxd4 exd5 7. Qxd5 Nf6 8. Qd1 Bc5 9. Nf3 O-O 10. e3 Qe7 11. Be2 Rd8 12. O-O Nc6 13. a3 Ne5 14. Qb3 Bc6 15. Nd4 Bxd4 16. exd4 Rxd4 17. Be3 Rh4 18. Bg5 Rxh2 19. Kxh2 Nfg4+ 20. Bxg4 Nxg4+ 21. Kg1 Qxg5 22. Ne2 Ne3 23. Ng3 Nxg2 24. Rfc1 Nf4 25. Rxc6 bxc6 26. Re1 h5 27. Qb7 Rd8 28. Qxc6 h4 29. Re8+ Rxe8 30. Qxe8+ Kh7 31. Qxf7 hxg3 32. f3 g2 33. Qd7 Ne2+ 34. Kf2 g1=Q+ 0-1


[Site "https://www.chess.com"]

[Event "Titled Tuesday Blitz July 26 Early 2022"]
[White "Pfreundt, Jakob"]
[Black "Ismayil, Malak"]
[WhiteFideId "12918156"]
[BlackFideId "13412604"]
[WhiteElo "2345"]
[BlackElo "1879"]
[Result "1-0"]
[Round "07"]
[TimeControl "180+1"]
[Date "2022.07.27"]
[WhiteClock "0:00:45"]
[BlackClock "0:00:03"]

1. Nf3 Nf6 2. d4 g6 3. g3 Bg7 4. Bg2 O-O 5. O-O d6 6. Nc3 Nbd7 7. a4 e5 8. dxe5 dxe5 9. Nd2 Qe7 10. a5 Rb8 11. Nb5 c6 12. Nxa7 Nc5 13. Nxc8 Rbxc8 14. c3 Rfd8 15. Qc2 Nd5 16. b4 Ne6 17. e4 Ndc7 18. Nc4 c5 19. Nb6 Rb8 20. bxc5 Qxc5 21. Be3 Qc6 22. Rfd1 Nb5 23. Nd5 Rd7 24. Qb3 Nd6 25. Nb6 Rdd8 26. Qb4 Nc7 27. Nd5 Nxd5 28. Rxd5 Bf8 29. Rad1 Rd7 30. Qb6 Rbd8 31. Qxc6 bxc6 32. R5d2 f6 33. Bb6 Ra8 34. Bh3 Rb7 35. Rxd6 Bxd6 36. Rxd6 Kg7 37. Rxc6 h5 38. Be6 1-0


[Site "https://www.chess.com"]

[Event "Titled Tuesday Blitz July 26 Early 2022"]
[White "Postnikov, Daniil"]
[Black "Harshavardhan G B"]
[WhiteFideId "4166329"]
[BlackFideId "25059009"]
[WhiteElo "2261"]
[BlackElo "1831"]
[Result "0-1"]
[Round "07"]
[TimeControl "180+1"]
[Date "2022.07.26"]
[WhiteClock "0:00:06"]
[BlackClock "0:00:14"]

1. d4 Nf6 2. c4 e5 3. dxe5 Ng4 4. e4 Nxe5 5. f4 Nec6 6. Nc3 Bc5 7. Qg4 O-O 8. f5 Ne5 9. Qg3 f6 10. Bh6 Rf7 11. O-O-O Nbc6 12. Nf3 b6 13. h4 Ba6 14. h5 Bxc4 15. Bf4 Qe8 16. h6 Bxf1 17. Rhxf1 g5 18. Nd5 Bd6 19. Nxf6+ Rxf6 20. Qxg5+ Ng6 21. Bxd6 Rxd6 22. Rxd6 cxd6 23. fxg6 Qxg6 24. Qd5+ Qe6 25. Qg5+ Qg6 26. Qd5+ Qf7 27. Qg5+ Kh8 28. Kb1 Rg8 29. Qd2 Rg6 30. Nh2 Qe7 31. Qf2 Kg8 32. Ka1 Ne5 33. Nf3 Rxh6 34. Nxe5 dxe5 35. a3 Kg7 36. Rd1 Rf6 37. Qd2 d6 38. Rc1 Rg6 39. Qc2 Qg5 40. Qc7+ Kg8 41. Rc2 Rf6 42. Qxa7 Rf7 43. Ka2 Rxa7 0-1


[Site "https://www.chess.com"]

[Event "Titled Tuesday Blitz July 26 Early 2022"]
[White "Prestia, Paris"]
[Black "Zhigalko, Sergei"]
[WhiteFideId "30925959"]
[BlackFideId "13502956"]
[WhiteElo "2629"]
[BlackElo "2662"]
[Result "0-1"]
[Round "07"]
[TimeControl "180+1"]
[Date "2022.07.26"]
[WhiteClock "0:00:41"]
[BlackClock "0:00:08"]

1. d4 Nf6 2. Bg5 e6 3. Nd2 h6 4. Bh4 c5 5. e3 b6 6. c3 Bb7 7. Ngf3 Be7 8. Bd3 d6 9. O-O Nbd7 10. a4 a6 11. Qe2 O-O 12. b4 Nd5 13. Bxe7 Qxe7 14. Rfc1 cxb4 15. cxb4 Nxb4 16. Rc7 Rfb8 17. Rb1 Nxd3 18. Qxd3 Qd8 19. Rc2 Rc8 20. Rcb2 a5 21. Qa3 Bxf3 22. Nxf3 Rc6 23. d5 exd5 24. Nd4 Rc5 25. Qd3 Ne5 26. Qf5 Nc4 27. Ra2 Rac8 28. g3 Ne5 29. Kg2 g6 30. Qf4 h5 31. h4 Nc4 32. Qh6 Qf6 33. Re2 Qg7 34. Qf4 Qe5 35. Qf3 Qe4 36. Nb5 Qxb1 37. Qf6 Qe4+ 38. f3 Qe5 39. Qg5 Qxg5 40. hxg5 Re8 41. f4 Rxe3 42. Rxe3 Nxe3+ 43. Kf3 Nf5 44. Nxd6 Nxd6 45. g4 Rc4 46. gxh5 gxh5 47. Ke2 Nf5 48. Kd3 Rxa4 0-1


[Site "https://www.chess.com"]

[Event "Titled Tuesday Blitz July 26 Early 2022"]
[White "Prieto Aranguren, Alain"]
[Black "Kujawski, Adam"]
[WhiteFideId "2268906"]
[BlackFideId "1100920"]
[WhiteElo "2224"]
[BlackElo "1972"]
[Result "0-1"]
[Round "07"]
[TimeControl "180+1"]
[Date "2022.07.27"]
[WhiteClock "0:00:01"]
[BlackClock "0:00:04"]

1. e4 e5 2. Nf3 Nc6 3. Bc4 Nf6 4. c3 Nxe4 5. O-O d5 6. Bb5 Bd6 7. d4 exd4 8. Nxd4 Bd7 9. c4 Nxd4 10. Qxd4 Bxb5 11. Qxg7 Bxh2+ 12. Kxh2 Qh4+ 13. Kg1 O-O-O 14. Qh6 Qxh6 15. Bxh6 Bxc4 16. Rc1 Rhg8 17. Nd2 Nxd2 18. Bxd2 Rg4 19. f3 Rg6 20. Bf4 c6 21. b3 Ba6 22. Kf2 Re6 23. Re1 Rde8 24. Rxe6 Rxe6 25. Be3 Bd3 26. Rd1 Bg6 27. Bxa7 Kc7 28. Bd4 b6 29. b4 Re8 30. Ra1 Bd3 31. a4 Re2+ 32. Kg3 Rc2 33. a5 bxa5 34. bxa5 c5 35. a6 Kb8 36. Rd1 Bxa6 37. Be5+ Kb7 38. Rxd5 Bc4 39. Rd7+ Kc6 40. Rd6+ Kb5 41. Kh3 Bf1 42. Rd7 Rxg2 43. Kh4 Re2 44. f4 c4 45. Rxf7 Bg2 46. Rxh7 Be4 47. Rg7 c3 48. Rg3 c2 49. Bb2 Kc4 50. Rc3+ Kb4 51. Kg5 c1=Q 52. Rxc1 Rxb2 53. f5 Rf2 54. f6 Bc2 55. f7 Bb3 56. f8=Q+ Rxf8 57. Re1 Rb8 58. Re4+ Bc4 59. Kf4 Rd8 60. Ke5 Kc5 61. Re3 Re8+ 62. Kf4 Rf8+ 63. Ke5 Bd5 64. Rc3+ Bc4 65. Re3 Re8+ 66. Kf4 Rd8 67. Ke5 Bb5 68. Rc3+ Kb6 69. Rc1 Bc6 70. Ke6 Re8+ 71. Kf7 Re2 72. Kf6 Kc7 73. Kf5 Kd6 74. Kf4 Bd5 75. Ra1 Re8 76. Kf5 Rf8+ 77. Kg5 Ke5 78. Ra5 Rg8+ 79. Kh5 Rg1 80. Rb5 Ke6 81. Kh4 Bc6 82. Ra5 Kf6 83. Rc5 Be4 84. Ra5 Rg2 85. Rc5 Rg8 86. Ra5 Bf5 87. Ra6+ Ke5 88. Ra5+ Kf4 89. Ra4+ Be4 0-1


[Site "https://www.chess.com"]

[Event "Titled Tuesday Blitz July 26 Early 2022"]
[White "Ramirez Vido, Robert Yorisan"]
[Black "Mitrovic, Darko R"]
[WhiteFideId "3513823"]
[BlackFideId "927023"]
[WhiteElo "2416"]
[BlackElo "2150"]
[Result "1-0"]
[Round "07"]
[TimeControl "180+1"]
[Date "2022.07.27"]
[WhiteClock "0:00:08"]
[BlackClock "0:00:01"]

1. Nf3 Nf6 2. g3 b6 3. Bg2 Bb7 4. O-O c5 5. d3 e6 6. e4 d5 7. Nbd2 Be7 8. Re1 O-O 9. e5 Nfd7 10. h4 Nc6 11. h5 a5 12. a4 Rc8 13. h6 g6 14. Nf1 Qc7 15. Bf4 Nd4 16. Nxd4 cxd4 17. Re2 Bc6 18. Nh2 Qb7 19. Qd2 b5 20. axb5 Qxb5 21. Bg5 Qxb2 22. Bxe7 Qxa1+ 23. Bf1 a4 24. Qg5 a3 25. Ng4 f5 26. exf6 a2 27. Bxf8 Rxf8 28. Rxe6 Qd1 29. f7+ Rxf7 30. Re8+ Nf8 31. Nf6+ Kh8 32. Qe5 Bxe8 33. Nxe8+ Kg8 34. Nf6+ Rxf6 35. Qxf6 Qxf1+ 36. Kxf1 a1=Q+ 37. Kg2 Qa7 38. Qe5 Qf7 39. Qxd4 Ne6 40. Qe5 g5 41. c4 dxc4 42. dxc4 Qb7+ 43. Kh2 Kf7 44. Qf5+ Kg8 45. Qxe6+ Qf7 46. Qxf7+ Kxf7 47. f4 Ke6 48. fxg5 Kf5 49. c5 Kxg5 50. c6 Kxh6 51. c7 Kg5 52. c8=Q Kh5 53. Qf5+ Kh6 54. Qf6+ Kh5 55. Qg7 h6 56. g4+ Kh4 57. Qxh6+ Kxg4 58. Qc1 Kf3 59. Qd2 Kg4 60. Qe3 Kh4 61. Qg3+ Kh5 62. Kg2 Kh6 63. Kf3 Kh5 64. Kf4 Kh6 65. Qg8 Kh5 66. Qg5# 1-0


[Site "https://www.chess.com"]

[Event "Titled Tuesday Blitz July 26 Early 2022"]
[White "Rangel, Daniel"]
[Black "Gardezi, Arsal"]
[WhiteFideId "2124475"]
[BlackFideId "30949521"]
[WhiteElo "2225"]
[BlackElo "1781"]
[Result "1-0"]
[Round "07"]
[TimeControl "180+1"]
[Date "2022.07.27"]
[WhiteClock "0:00:07"]
[BlackClock "0:00:07"]

1. e4 c5 2. Nf3 d6 3. d4 cxd4 4. Nxd4 Nf6 5. Nc3 Nc6 6. Be3 e5 7. Nb3 Be7 8. f3 Be6 9. Qd2 O-O 10. O-O-O Rc8 11. g4 Na5 12. Kb1 a6 13. h4 b5 14. g5 Nh5 15. Nd5 Nc4 16. Nxe7+ Qxe7 17. Qd3 a5 18. Bc1 a4 19. Nd2 b4 20. Nxc4 Bxc4 21. Qxc4 Rxc4 22. Bxc4 Rc8 23. b3 axb3 24. Bxb3 Ng3 25. Rh2 Rc3 26. Rhd2 Rc6 27. Bb2 Nh5 28. Rd5 g6 29. Rb5 Rc8 30. Rxb4 d5 31. Rb5 d4 32. a4 Nf4 33. a5 Ne6 34. a6 Nc5 35. Bd5 Nxa6 36. f4 Nc7 37. Rb7 Qc5 38. Bb3 Nb5 39. Rxf7 Kh8 40. fxe5 Nc3+ 41. Bxc3 Qxc3 42. Rdf1 Qc5 43. Rd7 d3 44. Rxd3 Ra8 45. Rfd1 Qa5 46. Kc1 Qa1+ 47. Kd2 Qxe5 48. Bd5 Rf8 49. Re1 Rf2+ 50. Re2 Qf4+ 51. Re3 Rf1 52. c4 Qxh4 53. e5 Qxg5 54. e6 Qg1 55. Re1 Rf2+ 56. R3e2 Qg5+ 57. Kd3 Qf5+ 58. Kd4 Rf4+ 59. Kc5 Qf8+ 60. e7 Qc8+ 61. Kd6 Rf6+ 62. Re6 Qb8+ 63. Kd7 Qa7+ 64. Kc6 Qa8+ 65. Kc5 Qc8+ 66. Kb4 Qb8+ 67. Kc3 Qg3+ 68. R1e3 Rxe6 69. Rxg3 Rxe7 70. Rd3 h5 71. c5 h4 72. c6 h3 73. Rxh3+ Kg7 74. Rd3 g5 75. Kc4 Rc7 76. Kc5 g4 77. Kd6 Rc8 78. c7 Rd8+ 79. cxd8=Q 1-0


[Site "https://www.chess.com"]

[Event "Titled Tuesday Blitz July 26 Early 2022"]
[White "Rodchenkov, Sergey D."]
[Black "Goltsev, Dmitry"]
[WhiteFideId "4168712"]
[BlackFideId "24176710"]
[WhiteElo "2293"]
[BlackElo "2258"]
[Result "0-1"]
[Round "07"]
[TimeControl "180+1"]
[Date "2022.07.26"]
[WhiteClock "0:00:19"]
[BlackClock "0:01:27"]

1. e4 e6 2. d4 d5 3. Nc3 Nf6 4. e5 Nfd7 5. f4 c5 6. Nf3 a6 7. Be3 Nc6 8. Ne2 b5 9. c3 Bb7 10. h4 h5 11. Kf2 g6 12. g3 Ne7 13. Bh3 Nf5 14. Bxf5 gxf5 15. Ng5 Rc8 16. a4 Bc6 17. Qd2 b4 18. Rhd1 a5 19. dxc5 Nxc5 20. Nd4 Bb7 21. cxb4 axb4 22. Rac1 Be7 23. Kg1 b3 24. Qb4 Ba6 25. Nxb3 Nd3 26. Rxc8 Qxc8 27. Qc3 Qxc3 28. bxc3 Nb2 29. Rb1 Nxa4 30. Ra1 Bb5 31. Nd4 Bd7 32. Rb1 O-O 33. Rb7 Rd8 34. Ra7 Nxc3 35. Bd2 Nb5 36. Nxb5 Bc5+ 37. Kh2 Bxa7 38. Nxa7 d4 39. Bb4 Rb8 40. Bc5 d3 41. Nf3 Rb2+ 42. Kg1 d2 43. Nxd2 Rxd2 44. Be3 Rc2 45. Bf2 Kf8 46. Bd4 Ke8 47. Bf2 Kd8 48. Bb6+ Ke8 49. Be3 Ba4 50. Bf2 Kd7 51. Bd4 Kc7 52. Nb5+ Bxb5 53. Be3 0-1


[Site "https://www.chess.com"]

[Event "Titled Tuesday Blitz July 26 Early 2022"]
[White "Rohith Krishna S"]
[Black "Odegov, Artem"]
[WhiteFideId "46617051"]
[BlackFideId "34183644"]
[WhiteElo "2117"]
[BlackElo "2286"]
[Result "1-0"]
[Round "07"]
[TimeControl "180+1"]
[Date "2022.07.26"]
[WhiteClock "0:01:48"]
[BlackClock "0:00:02"]

1. e4 e6 2. Nc3 d5 3. Nf3 c5 4. exd5 exd5 5. d4 cxd4 6. Nxd4 Nc6 7. Be3 Nf6 8. Bb5 Bd7 9. O-O Be7 10. Bg5 O-O 11. Re1 h6 12. Bh4 Nxd4 13. Qxd4 Be6 14. Rad1 Rc8 15. Qxa7 Bc5 16. Qa4 g5 17. Bg3 d4 18. Bf1 Ra8 19. Qb5 Ra5 20. Qxb7 Bc8 21. Qb8 Nd7 22. Qc7 dxc3 23. Qxd8 Rxd8 24. Bc7 Bb6 25. Bxb6 Nxb6 26. Rxd8+ Kg7 27. bxc3 Rxa2 28. Rb1 Ra1 29. Rxa1 1-0


[Site "https://www.chess.com"]

[Event "Titled Tuesday Blitz July 26 Early 2022"]
[White "Rustemov, Alexander"]
[Black "Ismagilov, Damir"]
[WhiteFideId "4119002"]
[BlackFideId "34199982"]
[WhiteElo "2801"]
[BlackElo "2138"]
[Result "1-0"]
[Round "07"]
[TimeControl "180+1"]
[Date "2022.07.26"]
[WhiteClock "0:00:36"]
[BlackClock "0:00:02"]

1. d4 Nf6 2. c4 e6 3. Nf3 d5 4. Nc3 Bb4 5. Bg5 h6 6. Bxf6 Qxf6 7. e3 O-O 8. Rc1 dxc4 9. Bxc4 c5 10. O-O cxd4 11. Ne4 Qe7 12. a3 Ba5 13. Qxd4 Bb6 14. Qe5 Nc6 15. Qh5 Bd7 16. g4 Be8 17. Qh3 f6 18. Rfd1 Rd8 19. Qg2 Bg6 20. Ng3 Bf7 21. h4 Rxd1+ 22. Rxd1 Rd8 23. Rc1 Bc7 24. g5 hxg5 25. hxg5 Ne5 26. Nxe5 Bxe5 27. f4 Bc7 28. Ne4 f5 29. Nf6+ Kf8 30. Nh7+ Kg8 31. g6 Be8 32. Ng5 Rd6 33. Qxb7 Bc6 34. Qc8+ Be8 35. Bxe6+ Kh8 36. Rxc7 Rd1+ 37. Kh2 Rd2+ 38. Kg3 Qd8 39. Qxd8 Rxd8 40. Nf7+ Kg8 41. Nxd8+ Kh8 42. Rc8 a5 43. Nf7+ Kg8 44. Rxe8# 1-0


[Site "https://www.chess.com"]

[Event "Titled Tuesday Blitz July 26 Early 2022"]
[White "Schwabeneder, Florian"]
[Black "Nilsson, Joakim"]
[WhiteFideId "1626191"]
[BlackFideId "1723383"]
[WhiteElo "2275"]
[BlackElo "2214"]
[Result "1-0"]
[Round "07"]
[TimeControl "180+1"]
[Date "2022.07.27"]
[WhiteClock "0:00:10"]
[BlackClock "0:00:25"]

1. c4 c6 2. d4 Nf6 3. Nf3 g6 4. Nc3 d5 5. cxd5 cxd5 6. Bf4 a6 7. e3 Nc6 8. h3 Bg7 9. Be2 O-O 10. O-O e6 11. Rc1 Ne7 12. Na4 b5 13. Nc5 Nf5 14. Ne5 Nd6 15. b3 Nde4 16. Ncd3 Qa5 17. Nc6 Qa3 18. f3 Nd6 19. Nc5 Nb7 20. Ne7+ Kh8 21. Nxc8 Nxc5 22. Nb6 Ncd7 23. Nxa8 Rxa8 24. Qd2 Bf8 25. Rc7 Bb4 26. Qc2 Ba5 27. Rc6 Nh5 28. Bd6 Bb4 29. Rc8+ Rxc8 30. Qxc8+ Kg7 31. Bxb4 Qxb4 32. Qxd7 Qd2 33. Rf2 Ng3 34. Bf1 Qxe3 35. Qc7 Nxf1 36. Qe5+ Qxe5 37. dxe5 Ne3 38. Re2 Nf5 39. Rc2 Nd4 40. Rc7 a5 41. Kf2 b4 42. Rc5 g5 43. g3 f6 44. exf6+ Kxf6 45. Rxa5 h5 46. Ra8 Ke5 47. Rb8 Nc6 48. Rh8 d4 49. Rxh5 Kd5 50. Rxg5+ e5 51. h4 Nd8 52. h5 Ne6 53. Rg6 Nf8 54. Rf6 Nh7 55. Ra6 Ng5 56. h6 e4 57. fxe4+ Nxe4+ 58. Kf3 Ng5+ 59. Kf4 Nh7 60. Ra7 Nf8 61. h7 d3 62. Ke3 Nxh7 63. Rxh7 Kc5 64. Kd2 Kd4 65. Rh4+ Kd5 66. Rc4 Kd6 67. Kxd3 Ke5 68. Rf4 Ke6 69. Ke3 Ke5 70. g4 Kd6 71. g5 1-0


[Site "https://www.chess.com"]

[Event "Titled Tuesday Blitz July 26 Early 2022"]
[White "Shimanov, Aleksandr"]
[Black "Bortnyk, Olexandr"]
[WhiteFideId "4198603"]
[BlackFideId "14120828"]
[WhiteElo "2605"]
[BlackElo "2723"]
[Result "1-0"]
[Round "07"]
[TimeControl "180+1"]
[Date "2022.07.26"]
[WhiteClock "0:00:07"]
[BlackClock "0:00:01"]

1. b3 e5 2. Bb2 Nc6 3. e3 d5 4. Bb5 Bd6 5. Nf3 f6 6. d4 e4 7. Nfd2 a6 8. Be2 Nce7 9. c4 c6 10. Ba3 f5 11. Bxd6 Qxd6 12. g3 Nf6 13. c5 Qc7 14. Nc3 O-O 15. h4 Be6 16. b4 b6 17. cxb6 Qxb6 18. Rb1 Qb8 19. Na4 Ng4 20. Qb3 Qd6 21. Nc5 a5 22. bxa5 Rfb8 23. Qc3 Rxb1+ 24. Nxb1 Bc8 25. Nd2 h5 26. Ndb3 Kh7 27. Rf1 Nh2 28. Rh1 Ng4 29. a6 Qb8 30. Qa5 Nxe3 31. fxe3 Qxg3+ 32. Kd2 f4 33. exf4 Bg4 34. Re1 Nf5 35. Qc3 Qxf4+ 36. Kc2 Qf2 37. Qd2 Ne3+ 38. Kc1 Qg3 39. Bxg4 Nxg4 40. Kb2 Qxh4 41. Rg1 Qh3 42. Ka3 Ne3 43. Qf2 Nc4+ 44. Kb4 Rb8+ 45. Ka4 e3 46. Qe2 Re8 47. Qd3+ Kh8 48. Qg6 Re7 49. Qg5 Rf7 50. Qd8+ Kh7 51. Qg5 Ra7 52. Qg6+ Kh8 53. Qxc6 e2 54. Qe8+ Kh7 55. Qxe2 Nb6+ 56. Kb5 Nc4 57. Qd3+ Qxd3 58. Nxd3 1-0


[Site "https://www.chess.com"]

[Event "Titled Tuesday Blitz July 26 Early 2022"]
[White "Shuvalov, Evgenij"]
[Black "Agasarov, Benik"]
[WhiteFideId "4187237"]
[BlackFideId "13314823"]
[WhiteElo "2042"]
[BlackElo "2701"]
[Result "1-0"]
[Round "07"]
[TimeControl "180+1"]
[Date "2022.07.27"]
[WhiteClock "0:00:06"]
[BlackClock "0:00:10"]

1. Nf3 d5 2. c4 d4 3. b4 c5 4. e3 dxe3 5. fxe3 cxb4 6. a3 bxa3 7. Bxa3 Nf6 8. d4 g6 9. Bd3 Bg7 10. O-O O-O 11. Qe1 Nbd7 12. e4 Nh5 13. Qe3 b6 14. e5 f5 15. Nc3 Bb7 16. Rad1 Re8 17. Ne2 e6 18. Bd6 Bf8 19. c5 Bxd6 20. exd6 bxc5 21. dxc5 Nhf6 22. Ne5 Nxe5 23. Qxe5 Ng4 24. Qg3 Qc8 25. Rc1 Bc6 26. h3 Nf6 27. Qe5 Nd7 28. Qc3 Qd8 29. Nd4 Rc8 30. Ba6 Qg5 31. Rc2 Be4 32. Bxc8 Rxc8 33. Nxe6 Qh6 34. Re2 Bd5 35. Nc7 Bc6 36. Re7 Qf8 37. Ne6 Qf6 38. Qxf6 Nxf6 39. Ra1 Nd5 40. Rexa7 Re8 41. Nc7 Re2 42. R1a2 Re1+ 43. Kf2 Rd1 44. Nxd5 Bxd5 45. Rb2 Bc6 46. Rb8+ 1-0


[Site "https://www.chess.com"]